 Dungeon Crawl Stone Soup version 0.17.1-3-g152610e (webtiles) character file.

6706 Stendarr the Destroyer (level 10, 0/81 HPs)
             Began as a Troll Fire Elementalist on Apr 9, 2016.
             Was an Elder of Sif Muna.
             Slain by a warg (10 damage)
             ... on level 10 of the Dungeon on Apr 10, 2016.
             The game lasted 00:46:40 (11024 turns).

Stendarr the Destroyer (Troll Fire Elementalist)   Turns: 11024, Time: 00:46:40

Health: 0/81       AC: 12    Str: 18    XL:     10   Next: 74%
Magic:  3/14       EV:  9    Int: 14    God:    Sif Muna [****..]
Gold:   426        SH:  0    Dex: 10    Spells: 3 memorised, 8 levels left

rFire  + + .     SeeInvis .     v - +1 dagger (protect)
rCold  . . .     Clarity  .     d - +2 robe {MR+}
rNeg   . . .     SustAt   +     (no shield)
rPois  .         Gourm    +     (helmet restricted)
rElec  .         Spirit   .     (no cloak)
rCorr  .         Warding  .     (gloves unavailable)
rMut   .         Stasis   .     (boots unavailable)
MR     +....                    (no amulet)
Stlth  +.........               J - ring of protection from fire
                                w - ring of sustain attributes

@: lethally poisoned (0 -> 0), somewhat resistant to hostile enchantments, very
unstealthy
A: unfitting armour, claws 3, fire resistance 1, fast metabolism 3, gourmand,
regeneration 2, shaggy fur 1, tough skin 2
a: Channel Energy, Forget Spell, Renounce Religion


You were on level 10 of the Dungeon.
You worshipped Sif Muna.
Sif Muna was greatly pleased with you.
You were very full.

You visited 2 branches of the dungeon, and saw 11 of its levels.

You collected 426 gold pieces.

Inventory:

Hand Weapons
 a - a +0 rapier of venom
 s - a +0 blowgun
 v - a +1 dagger of protection (weapon)
 L - a +0 dagger of chaos
Missiles
 i - 118 stones (quivered)
 t - 43 poisoned needles
Armour
 d - a +2 robe of magic resistance (worn)
 A - a +0 shield
Jewellery
 w - a ring of sustain attributes (left claw)
 J - a ring of protection from fire (right claw)
Wands
 p - a wand of teleportation (5)
 D - a wand of slowing (20)
 K - a wand of magic darts (13)
Scrolls
 e - 5 scrolls of remove curse {unknown}
 f - a scroll of blinking
 g - 2 scrolls of enchant weapon {unknown}
 l - 7 scrolls of identify
 m - 3 scrolls of noise {unknown}
 q - 2 scrolls of random uselessness {unknown}
 u - 4 scrolls of amnesia
 x - a scroll of magic mapping {unknown}
 y - 2 scrolls of fog {unknown}
 F - a scroll of enchant armour {unknown}
 G - a scroll of fear {unknown}
Potions
 j - a potion of experience {unknown}
 k - a potion of resistance
 n - 4 potions of curing {unknown}
 o - a potion of cure mutation
 r - a potion of haste {unknown}
 z - a potion of ambrosia {unknown}
 B - a potion of cancellation {unknown}
 E - 2 potions of lignification {unknown}
 M - a potion of brilliance {unknown}
Books
 b - a book of Flames

   Spells                             Type                      Level
   a - Flame Tongue                   Conjuration/Fire             1
   b - Throw Flame                    Conjuration/Fire             2
   c - Conjure Flame                  Conjuration/Fire             3
   d - Inner Flame                    Hexes/Fire                   3
   e - Sticky Flame                   Conjuration/Fire             4
   f - Fireball                       Conjuration/Fire             5
 H - a book of Transfigurations

   Spells                             Type                      Level
   a - Stoneskin                      Transmutation/Earth          2
   b - Irradiate                      Conjuration/Transmutation    5
   c - Statue Form                    Transmutation/Earth          6
   d - Hydra Form                     Transmutation                6
   e - Dragon Form                    Transmutation                7
Comestibles
 c - 9 bread rations
 h - 4 meat rations
 I - 24 fruits
 N - 2 chunks of flesh


   Skills:
 - Level 1.5 Dodging
 - Level 1.1 Stealth
 + Level 3.6 Spellcasting
 + Level 9.1 Conjurations
 + Level 7.6 Fire Magic
 - Level 3.0 Invocations


You had 8 spell levels left.
You knew the following spells:

 Your Spells              Type           Power        Failure   Level  Hunger
a - Flame Tongue          Conj/Fire      ####.        1%          1    None
b - Conjure Flame         Conj/Fire      ####....     1%          3    ###....
c - Sticky Flame          Conj/Fire      ####....     10%         4    ####...


Dungeon Overview and Level Annotations

Branches:
Dungeon (10/15)            Temple (1/1) D:6
   Lair: D:8-11         Orc: D:9-12

Altars:
Ashenzari
Cheibriados
Dithmenos
Elyvilon
Fedhas
Gozag
Kikubaaqudgha
Makhleb
Nemelex Xobeh
Okawaru
Qazlal
Ru
Sif Muna
Trog
Vehumet
Xom
Yredelemnul
Zin
The Shining One

Shops:
D:4 ?

Annotations:
D:9 juanjsm's ghost, novice SpVM


Innate Abilities, Weirdness & Mutations

You are too large for most types of armour.
You have claws for hands.
Your metabolism is lightning-fast.
You like to eat raw meat.
You heal very quickly.
You are covered in fur (AC +1).
You have very tough skin (AC +2).
Your flesh is heat resistant.


Message History

Unknown command.
The warg burns!
The warg stops burning.
You feel sick. The warg bites you but does no damage.
Found a hand crossbow.
You feel sick. The warg bites you.
* * * LOW HITPOINT WARNING * * *
You feel sick.
Unknown command.
The warg completely misses you.
The giant frog skeleton hits you but does no damage.
You feel sick. The warg bites you but does no damage.
The giant frog skeleton hits you.
* * * LOW HITPOINT WARNING * * *
You feel sick. The warg bites you but does no damage.
Unknown command.
Unknown command.
The warg bites you!
You die...

#..#### ######
##....## ##.....####
#....<.# .#.........#
#......#
#...........#
##.....# #...........
#.....# #..........#
#.....# ...........#
##....# .........@#
##...## #........h#
### #...##
........Z## ##.##
#.###
..##...#####...####.#
###..Z.##....##..#
###........##.##
##......###.#
###..).....#
###.....##


You could see a warg and a giant frog skeleton.

Vanquished Creatures
  Psyche (D:9)
  Prince Ribbit (D:9)
  4 yaks (D:9)
  Sigmund (D:2)
  2 hungry ghosts
  A deep elf mage (D:9)
  A warg (D:9)
  A water moccasin (D:6)
  A sky beast (D:6)
  Purgy (D:3)
  A necrophage (D:8)
  3 orc warriors
  A black bear (D:8)
  5 centaurs
  3 ice beasts
  8 ogres
  A big kobold (D:9)
  A wyvern zombie (D:7)
  7 giant frogs
  A gnoll sergeant (D:5)
  4 scorpions
  A water moccasin skeleton (D:4)
  5 wights (D:6)
  9 killer bees
  A centaur zombie (D:9)
  3 hounds
  4 crimson imps
  3 orc priests
  2 giant frog skeletons (D:8)
  An iguana (D:6)
  Natasha (thrice) (D:2)
  12 orc wizards
  6 worker ants
  A hound zombie (D:9)
  3 hound skeletons
  Robin (D:2)
  5 adders
  9 gnolls
  An ooze (D:5)
  An adder skeleton (D:7)
  3 worms
  55 orcs
  5 bats
  7 giant cockroaches
  29 goblins
  17 hobgoblins
  12 jackals
  19 kobolds
  4 quokkas
  A ball python (D:6)
  7 giant geckos
  A giant gecko skeleton (D:5)
  6 giant newts
  A jackal skeleton (D:7)
  A quokka zombie (D:6)
  10 rats
298 creatures vanquished.

Vanquished Creatures (others)
  A human (D:6)
1 creature vanquished.

Grand Total: 299 creatures vanquished

Notes
Turn   | Place    | Note
--------------------------------------------------------------
     0 | D:1      | Stendarr the Troll Fire Elementalist began the quest for the Orb.
     0 | D:1      | Reached XP level 1. HP: 16/16 MP: 1/1
    85 | D:1      | Reached XP level 2. HP: 24/24 MP: 0/2
   124 | D:1      | Reached skill level 1 in Conjurations
   624 | D:2      | Reached XP level 3. HP: 29/31 MP: 0/3
   674 | D:2      | Noticed Natasha
   683 | D:2      | Killed Natasha
   816 | D:2      | Noticed Robin
   826 | D:2      | Found a bloodstained altar of Trog.
   854 | D:2      | Killed Robin
   854 | D:2      | Reached skill level 3 in Fire Magic
   854 | D:2      | Reached XP level 4. HP: 21/39 MP: 0/4
  1039 | D:2      | Noticed Natasha
  1060 | D:2      | Killed Natasha
  1091 | D:2      | Noticed Natasha
  1097 | D:2      | Killed Natasha
  1267 | D:2      | Noticed Sigmund
  1448 | D:2      | Gained mutation: Your flesh is heat resistant. [potion of mutation]
  1448 | D:2      | Gained mutation: Armour fits poorly on your strangely shaped body. [potion of mutation]
  1448 | D:2      | Lost mutation: Armour fits poorly on your strangely shaped body. [potion of mutation]
  1506 | D:2      | Killed Sigmund
  1506 | D:2      | Reached XP level 5. HP: 8/45 MP: 1/5
  1806 | D:3      | Found a faded altar to an unknown god.
  1813 | D:3      | Reached XP level 6. HP: 53/53 MP: 6/6
  1873 | D:3      | Noticed Purgy
  1932 | D:2      | Learned a level 3 spell: Conjure Flame
  2424 | D:3      | Killed Purgy
  2424 | D:3      | Reached skill level 4 in Conjurations
  2712 | D:4      | Found Qionnes's Magic Scroll Emporium.
  2807 | D:4      | Found a blossoming altar of Fedhas.
  2995 | D:4      | Reached XP level 7. HP: 56/59 MP: 7/7
  3362 | D:4      | Found a shadowy altar of Dithmenos.
  3464 | D:4      | HP: 2/59 [orc wizard/magic dart (3)]
  3465 | D:4      | Reached skill level 5 in Conjurations
  3850 | D:5      | Entered Level 5 of the Dungeon
  4177 | D:5      | Found a sacrificial altar of Ru.
  4202 | D:5      | Found a bloodstained altar of Trog.
  4224 | D:5      | Reached XP level 8. HP: 67/67 MP: 8/8
  4742 | D:5      | Reached skill level 6 in Conjurations
  5046 | D:6      | Found a staircase to the Ecumenical Temple.
  5064 | D:6      | Reached skill level 5 in Fire Magic
  5134 | Temple   | Entered the Ecumenical Temple
  5184 | Temple   | Became a worshipper of Sif Muna the Loreminder
  5629 | D:6      | Learned a level 4 spell: Sticky Flame
  5867 | D:6      | Reached * piety under Sif Muna
  5867 | D:6      | Reached skill level 7 in Conjurations
  6093 | D:6      | Reached XP level 9. HP: 57/74 MP: 4/9
  6391 | D:6      | Found an ancient bone altar of Kikubaaqudgha.
  6766 | D:6      | Reached skill level 1 in Invocations
  6983 | D:7      | Found an ancient bone altar of Kikubaaqudgha.
  7335 | D:6      | Reached ** piety under Sif Muna
  7491 | D:7      | Reached skill level 8 in Conjurations
  8174 | D:7      | Found a shimmering altar of Xom.
  8175 | D:7      | Found a glowing golden altar of the Shining One.
  8790 | D:8      | Reached XP level 10. HP: 81/81 MP: 1/12
  8932 | D:8      | Found an iron altar of Okawaru.
  8935 | D:8      | Reached *** piety under Sif Muna
  9041 | D:8      | Found an ancient bone altar of Kikubaaqudgha.
  9041 | D:8      | Found a basalt altar of Yredelemnul.
  9712 | D:9      | Noticed Prince Ribbit
  9729 | D:9      | Killed Prince Ribbit
  9854 | D:9      | Found an opulent altar of Gozag.
 10132 | D:9      | Noticed juanjsm's ghost (novice SpVM)
 10284 | D:9      | Noticed Psyche
 10307 | D:9      | Killed Psyche
 10649 | D:9      | Reached **** piety under Sif Muna
 10736 | D:9      | Reached skill level 9 in Conjurations
 10996 | D:10     | Entered Level 10 of the Dungeon
 11024 | D:10     | Slain by a warg

Action                   |  1- 3 |  4- 6 |  7- 9 | 10-12 || total
-------------------------+-------+-------+-------+-------++-------
Melee: Unarmed           |   105 |    86 |       |       ||   191
       Rapier            |       |   165 |   332 |    33 ||   530
       Dagger            |       |       |    14 |    83 ||    97
 Fire: Greatsling        |       |       |    37 |       ||    37
 Cast: Flame Tongue      |    15 |    34 |   154 |    68 ||   271
       Conjure Flame     |       |       |     9 |     3 ||    12
       Sticky Flame      |       |       |    14 |    27 ||    41
Invok: Channel Energy    |       |       |     6 |     1 ||     7
  Use: Potion            |       |     6 |       |     1 ||     7
       Scroll            |       |       |     2 |       ||     2
 Stab: Sleeping          |     3 |     1 |     4 |       ||     8
       Distracted        |       |       |     1 |       ||     1
  Eat: Chunk             |    14 |    22 |    56 |    31 ||   123
       Meat ration       |       |       |     4 |       ||     4
       Pizza             |       |       |     2 |       ||     2
       Beef jerky        |       |       |     1 |       ||     1
